 Dungeon Crawl Stone Soup version 0.26.0-10-g1f06aea511 (webtiles) character file.

Game seed: 9441339009501605536

98 EnegeticOcto the Sneak (level 4, 23/40 HPs)
             Began as a Deep Dwarf Delver on Jan 14, 2021.
             Was an Initiate of Yredelemnul.
             Quit the game on level 3 of the Dungeon.
             The game lasted 00:02:45 (351 turns).

EnegeticOcto the Sneak (Deep Dwarf Delver)           Turns: 351, Time: 00:02:45

Health: 23/40      AC:  8    Str: 16    XL:     4   Next: 43%
Magic:  2/2        EV:  7    Int: 11    God:    Yredelemnul [......]
Gold:   55         SH:  0    Dex: 14    Spells: 3/3 levels left

rFire    . . .     SeeInvis .   a - +0 hand axe
rCold    . . .     Faith    .   (no shield)
rNeg     . . .     Spirit   .   p - +0 chain mail
rPois    .         Reflect  .   (no helmet)
rElec    .         Harm     .   (no cloak)
rCorr    .         Rampage  .   (no gloves)
Will     +....                  (no boots)
Stlth    ..........             (no amulet)
HPRegen  0.00/turn              n - ring of willpower
MPRegen  0.08/turn              (no ring)

@: mildly poisoned (23 -> 23), non-regenerating
A: damage resistance, heal wounds, sense surroundings 1, no regeneration
a: Heal Wounds, Renounce Religion


You were on level 3 of the Dungeon.
You worshipped Yredelemnul.
Yredelemnul was noncommittal.
You visited 2 branches of the dungeon, and saw 4 of its levels.

You collected 55 gold pieces.

Inventory:

Hand Weapons
 a - a +0 hand axe (weapon)
Armour
 b - a +0 leather armour
 p - a +0 chain mail (worn)
Jewellery
 n - a ring of willpower (left hand)
Wands
 g - a wand of digging (3) {@v3}
Scrolls
 c - 2 scrolls of fog
 d - 2 scrolls of magic mapping {@r5}
 e - a scroll of fear
 j - a scroll of random uselessness {unknown}
 k - a scroll of remove curse {unknown}
 l - a scroll of identify {unknown}
 m - a scroll of enchant weapon {unknown}
 o - a scroll of noise {unknown}
Potions
 f - a potion of haste {@q4}
 h - 2 potions of berserk rage {unknown}
 i - a potion of degeneration {unknown}


   Skills:
 - Level 2.6 Fighting
 + Level 5.2 Axes
 - Level 2.1 Dodging
 - Level 6.0 Stealth


You had 3 spell levels left.
You didn't know any spells.
Your spell library was empty.

Dungeon Overview and Level Annotations

Branches:
Dungeon (5/15)             Temple (1/1) D:5

Altars:
Ashenzari
Cheibriados
Elyvilon
Fedhas
Gozag
Hepliaklqana
Kikubaaqudgha
Nemelex Xobeh
Wu Jian
Xom
Yredelemnul
Zin
The Shining One


Innate Abilities, Weirdness & Mutations

You are resistant to damage.
You can heal yourself by infusing magical energy.
You passively map a small area around you.
You do not regenerate.


Message History

Found 11 gold pieces and a leather armour.
The scorpion stings you.
Found a stone staircase leading up.
There is a stone staircase leading up here.
The scorpion stings you!
You climb upwards.
A kobold comes into view. It is wielding a +0 club.
Found 9 gold pieces, a scroll labelled ILUUPN ILUUTI and a chain mail.
There is a stone staircase leading down here.
The helpless kobold fails to defend itself.
You slash the kobold!
You kill the kobold!
Yredelemnul accepts your kill.
You hit the scorpion but do no damage. The scorpion stings you!
You hit the scorpion.
The scorpion is lightly wounded.
The scorpion stings you.
You are poisoned.
The scorpion poisons you!
You hit the scorpion but do no damage.
The scorpion is lightly wounded.
The scorpion closely misses you.
You feel much better. The scorpion stings you.
You are more poisoned.
The scorpion poisons you!
You closely miss the scorpion.
The scorpion is lightly wounded.
You feel sick. The scorpion barely misses you.
You slash the scorpion!
The scorpion is heavily wounded.
You feel sick. The scorpion stings you!
You hit the scorpion but do no damage.
The scorpion is heavily wounded.
The scorpion stings you.
You are more poisoned.
The scorpion poisons you!
You closely miss the scorpion.
The scorpion is heavily wounded.
You feel sick.
The scorpion stings you but does no damage.
You feel much better.
You feel very sick. The scorpion stings you.
You closely miss the scorpion.
The scorpion is heavily wounded.
You feel sick. The scorpion stings you.
You barely miss the scorpion.
The scorpion is heavily wounded.
You feel sick. The scorpion closely misses you.
You hit the scorpion.
The scorpion is heavily wounded.
You feel sick. The scorpion barely misses you. The scorpion closely misses you.
Your magical essence is drained by the effort!
You feel much better.
You feel sick. The scorpion barely misses you.
You barely miss the scorpion.
The scorpion is heavily wounded.
The scorpion stings you.
You are more poisoned.
The scorpion poisons you!
You hit the scorpion.
The scorpion is heavily wounded.
You feel sick. The scorpion stings you!
You hit the scorpion.
The scorpion is heavily wounded.
You feel very sick. The scorpion stings you.
You hit the scorpion but do no damage.
The scorpion is heavily wounded.
You feel sick. The scorpion stings you.
You are more poisoned.
The scorpion poisons you!
Your magical essence is drained by the effort!
You feel much better.
You feel very sick. The scorpion stings you.
You slash the scorpion!
You kill the scorpion!
Yredelemnul accepts your kill.
You feel sick.
Your Axes skill increases to level 5!
You have reached level 4!
You feel clever.
You feel very sick.
You feel sick.
o - a scroll labelled ILUUPN ILUUTI You feel sick.
You feel sick.
You feel sick.
You see here a chain mail.
p - a chain mail You start removing your armour.
You continue taking off your +0 leather armour. x4
You finish taking off your +0 leather armour.
You start putting on your armour.
You continue putting on your chain mail. x5
You finish putting on your +0 chain mail.
You now have 55 gold pieces (gained 9).
Things that are here:
a +0 club; a kobold corpse Are you sure you want to abandon this character and quit the game? (Confirm with "yes".)

, , ,#.# #.# #
#.####### * .##
#.......#
...+.^.....#
.####.#.......#
, *
..............#
####.#.......#
#,#@......# *
#>......# **
,#######.# ,,,
, ..., , * * ##
, ,, * , * , ,
,


There were no monsters in sight!

Vanquished Creatures
  A scorpion (D:3)
  A bullfrog skeleton (D:5)
  An adder (D:5)
  An ufetubus (D:5)
  2 orcs (D:4)
  A giant cockroach (D:5)
  A kobold (D:3)
8 creatures vanquished.

Notes
Turn   | Place    | Note
-------+----------+-------------------------------------------
     0 | D:5      | EnegeticOcto the Deep Dwarf Delver began the quest for the
                  | Orb.
     0 | D:5      | Reached XP level 1. HP: 20/20 MP: 1/1
    11 | D:5      | Found a staircase to the Ecumenical Temple.
    20 | Temple   | Entered the Ecumenical Temple
   103 | Temple   | Became a worshipper of Yredelemnul the Dark
   138 | D:5      | Reached XP level 2. HP: 17/27 MP: 2/2
   138 | D:5      | Reached XP level 3. HP: 21/33 MP: 3/3
   280 | D:4      | Noticed a scorpion
   328 | D:3      | Killed a scorpion
   329 | D:3      | Reached skill level 5 in Axes
   329 | D:3      | Reached XP level 4. HP: 33/40 MP: 2/2
   351 | D:3      | Quit the game

Illustrated notes

Levels and vault maps discovered:
D:3:      gammafunk_steamed_eel, layout_basic, trog_three_pillars_becter,
          uniq_ijyb
D:4:      layout_rooms, serial_park_tiny_1, kennysheep_dice
D:5:      layout_rooms, kiku_gazebo_garden_becter,
          minmay_temple_entry_mini_moons, cheibrodos_sewer_entry_bend,
          amethyst_killhole, hangedman_decor_slide_cut, uniq_edmund
Temple:   hc_temple_tempest_star

Skill      XL: |  1  2  3 |
---------------+----------+-----
Axes           | 4 5 |  5.2
Fighting       | |  2.6
Dodging        | |  2.1
Stealth        | |  6.0

Action                   |  1- 3 |  4- 6 || total
-------------------------+-------+-------++-------
Melee: Hand axe          |    45 |       ||    45
 Abil: Heal Wounds       |     7 |       ||     7
 Stab: Sleeping          |     2 |       ||     2
Armor: Leather armour    |    17 |       ||    17
Dodge: Dodged            |    48 |       ||    48
